 Dungeon Crawl Stone Soup version 0.28.0-43-g3370ac3207 (webtiles) character file.

Game seed: 18140929942122160836

4157 Ablot the Magician (level 10, -2/77 HPs)
             Began as a Gnoll Warper on Mar 7, 2022.
             Was an Elder of Okawaru.
             Slain by a hell rat (15 damage)
             ... on level 7 of the Dungeon.
             The game lasted 00:21:39 (10867 turns).

Ablot the Magician (Gnoll Warper)                  Turns: 10867, Time: 00:21:39

Health: -2/77      AC:  8    Str: 14    XL:     10   Next: 28%
Magic:  20/20      EV: 15    Int: 13    God:    Okawaru [****..]
Gold:   337        SH:  6    Dex: 18    Spells: 18/23 levels left

rFire   + . .      SeeInvis .   s - +5 spear (freeze)
rCold   . . .      Faith    .   L - +0 buckler
rNeg    . . .      Spirit   .   b - +2 leather armour {rF+}
rPois   .          Reflect  .   (no helmet)
rElec   .          Harm     .   (no cloak)
rCorr   .          Rampage  .   l - +0 pair of gloves
Will    +....                   p - +0 pair of boots
Stlth   +++.......              (no amulet)
HPRegen 0.22/turn               y - +6 ring of dexterity
MPRegen 0.17/turn               B - ring of willpower

@: no status effects
A: fangs 1, strong nose, distributed training
a: Renounce Religion, Heroism, Finesse


You were on level 7 of the Dungeon.
You worshipped Okawaru.
Okawaru was greatly pleased with you.
You visited 2 branches of the dungeon, and saw 9 of its levels.

You collected 337 gold pieces.

Inventory:

Hand Weapons
 a - a +2 vorpal trident
 m - a +0 hand axe of flaming
 s - a +5 spear of freezing (weapon)
 M - a +2 antimagic morningstar
Missiles
 d - 9 boomerangs of dispersal
 e - 5 throwing nets
 f - 186 stones
 h - 37 bolts
 j - 40 arrows
 o - 31 sling bullets
 z - 3 datura-tipped darts
 C - 3 curare-tipped darts
 G - 16 poisoned darts (quivered)
Armour
 b - a +2 leather armour of fire resistance (worn)
 l - a +0 pair of gloves (worn)
 p - a +0 pair of boots (worn)
 L - a +0 buckler (worn)
Magical Staves
 i - a staff of air
Jewellery
 y - a +6 ring of dexterity (left hand)
 B - a ring of willpower (right hand)
Wands
 t - a wand of acid (8)
Scrolls
 c - 3 scrolls of blinking
 g - a scroll of noise {unknown}
 k - 2 scrolls of torment {unknown}
 u - 2 scrolls of magic mapping
 v - 2 scrolls of amnesia {unknown}
 w - a scroll of brand weapon {unknown}
 x - 3 scrolls of fog {unknown}
 A - a scroll of teleportation {unknown}
 E - 6 scrolls of identify
 F - a scroll of enchant armour {unknown}
 J - 2 scrolls of immolation {unknown}
Potions
 n - a potion of ambrosia {unknown}
 q - a potion of haste
 r - 3 potions of curing
 D - 3 potions of heal wounds {unknown}
 H - a potion of degeneration {unknown}
 I - 5 potions of lignification {unknown}
 K - 3 potions of resistance
 N - a potion of attraction {unknown}


   Skills:
 + Level 6.9 Fighting
 + Level 5.1 Short Blades
 + Level 5.1 Long Blades
 + Level 5.1 Axes
 + Level 5.1 Maces & Flails
 + Level 6.9 Polearms
 + Level 5.1 Staves
 + Level 5.1 Slings
 + Level 5.1 Bows
 + Level 5.1 Crossbows
 + Level 5.8 Throwing
 + Level 5.8 Armour
 + Level 6.9 Dodging
 + Level 5.1 Stealth
 + Level 5.1 Shields
 + Level 5.1 Unarmed Combat
 + Level 7.2 Spellcasting
 + Level 4.2 Conjurations
 + Level 4.2 Hexes
 + Level 4.2 Summonings
 + Level 4.2 Necromancy
 + Level 7.0 Translocations
 + Level 4.2 Transmutations
 + Level 4.2 Fire Magic
 + Level 4.2 Ice Magic
 + Level 4.2 Air Magic
 + Level 4.2 Earth Magic
 + Level 4.2 Poison Magic
 + Level 5.6 Invocations
 + Level 5.1 Evocations


You had 18 spell levels left.
You knew the following spells:

 Your Spells              Type           Power      Damage    Failure   Level
a - Blink                 Tloc           46%        N/A       1%          2
b - Sting                 Tmut/Pois      60%        1d6       4%          1
c - Poisonous Vapours     Pois/Air       30%        N/A       6%          2

Your spell library contained the following spells:

 Spells                   Type           Power      Damage    Failure   Level
 Apportation              Tloc           46%        N/A       1%          1
 Gell's Gravitas          Tloc           23%        N/A       3%          3
 Lesser Beckoning         Tloc           23%        N/A       3%          3
 Teleport Other           Tloc           23%        N/A       3%          3
 Magic Dart               Conj           60%        1d6       4%          1
 Searing Ray              Conj           30%        2d5       6%          2
 Confusing Touch          Hex            15%        N/A       12%         3
 Frozen Ramparts          Ice            30%        1d5       12%         3
 Ozocubu's Armour         Ice            15%        N/A       12%         3
 Manifold Assault         Tloc           23%        N/A       34%         5
 Fulminant Prism          Conj/Hex       7%         3d7       38%         4
 Ice Form                 Ice/Tmut       15%        N/A       38%         4
 Olgreb's Toxic Radiance  Pois           15%        N/A       38%         4
 Alistair's Intoxication  Tmut/Pois      10%        N/A       75%         5
 Metabolic Englaciation   Hex/Ice        7%         N/A       75%         5
 Yara's Violent Unravell  Hex/Tmut       7%         3d5       75%         5
 Conjure Ball Lightning   Conj/Air       7%         3x3d6     99%         6
 Enfeeble                 Hex            7%         N/A       100%        7
 Discord                  Hex            7%         N/A       100%        8
 Disjunction              Tloc           11%        N/A       100%        8
 Summon Small Mammal      Summ           Unusable   N/A       N/A         1
 Call Canine Familiar     Summ           Unusable   N/A       N/A         3
 Summon Guardian Golem    Hex/Summ       Unusable   N/A       N/A         3
 Summon Ice Beast         Ice/Summ       Unusable   N/A       N/A         4
 Simulacrum               Ice/Necr       Unusable   N/A       N/A         6

Dungeon Overview and Level Annotations

Branches:
Dungeon (8/15)             Temple (1/1) D:5            Lair (0/6) D:8

Altars:
Ashenzari
Cheibriados
Dithmenos
Elyvilon
Fedhas
Gozag
Hepliaklqana
Kikubaaqudgha
Makhleb
Nemelex Xobeh
Okawaru
Qazlal
Ru
Sif Muna
Trog
Uskayaw
Vehumet
Wu Jian
Xom
Yredelemnul
Zin
The Shining One

Annotations:
D:5 Prince Ribbit
D:8 exclusions: oklob plant and 2 more exclusions


Innate Abilities, Weirdness & Mutations

You have very sharp teeth.
Your uncanny sense of smell can sniff out nearby items.
Your experience applies equally to all skills.


Message History

You throw a poisoned dart. The poisoned dart hits the death yak.
The death yak looks even sicker.
The death yak is almost dead.
Throw: 17 darts (poison)
Press: ? - help, Q - select action, (/) - cycle Shift-Dir - straight line, f/p - death yak
Aim: a death yak (almost dead, very poisoned, 82% to hit)
You throw a poisoned dart. The poisoned dart hits the death yak.
The death yak looks as sick as possible!
The death yak is almost dead.
You feel stable enough to blink again.
You kill the death yak!
Okawaru is honoured by your kill.
You can now speed up your combat.
Your Short Blades skill increases to level 5!
Your Long Blades skill increases to level 5!
Your Axes skill increases to level 5!
Your Maces & Flails skill increases to level 5!
Your Staves skill increases to level 5!
Your Slings skill increases to level 5!
Your Bows skill increases to level 5!
Your Crossbows skill increases to level 5!
Your Stealth skill increases to level 5!
Your Shields skill increases to level 5!
Your Unarmed Combat skill increases to level 5!
Your Translocations skill increases to level 7!
Your Evocations skill increases to level 5!
Reach: s) +5 spear (freeze)
Press: ? - help, Dir - move target, f - hell rat
Aim: a hell rat (about 27% to evade your +5 spear of freezing)
You reach to attack!
You hit the hell rat but do no damage. You closely miss the hell rat.
The hell rat barely misses you.
You hit the hell rat. You freeze the hell rat.
The hell rat is heavily wounded.
You hit the hell rat. You freeze the hell rat.
The hell rat is severely wounded.
The hell rat bites you!
* * * LOW HITPOINT WARNING * * *
The hell rat misses you.
You hit the hell rat. You freeze the hell rat.
The hell rat is almost dead.
The hell rat bites you!
You die...

##.##.##.#
#(#.......#
#..#.##.#
#.#.####.##
####.#.##.#
#.#.#.##.#
.......##.#
#†#.#....#
#####.###.#
#.#.#.##### .#
#..##.#
#{#.#.....# .#
##.##.#
#.#.####.## .#
#..#.# #r#.#
#.# .# ##.#.#
#@#.# #.# )#
#...# #.#.#
#.#
)######...##
#.#.# #.#
...........#
#.#.# #.#
.######..#.#
#.#.# #.#
......#..#.##
#.#.# #.#
.#..#.#.[...#
#.#.# #.#
#####.#.#.#.##
#.#.# #.#
......#[#.#..#
#.#.# #.#


You could see a hell rat.

Vanquished Creatures
  2 death yaks (D:7)
  Sigmund (D:6)
  A wyvern (D:7)
  A steam dragon (D:8)
  Grum (D:8)
  A black bear (D:5)
  2 necrophages
  2 wolves (D:8)
  2 phantoms
  A kobold brigand (D:8)
  2 gnoll sergeants (D:6)
  2 scorpions
  2 bullfrogs (D:7)
  A wyvern zombie (D:7)
  A wyvern skeleton (D:7)
  3 wights (D:7)
  2 howler monkeys
  A centaur zombie (D:8)
  2 gnoll shamans (D:7)
  6 jellies
  2 hounds
  A bullfrog skeleton (D:6)
  3 orc priests
  4 iguanas
  5 orc wizards
  A hell rat (D:8)
  2 killer bee zombies
  19 gnolls
  7 adders
  A shadow imp (D:7)
  3 white imps
  A worm (D:2)
  30 orcs
  3 ball pythons
  5 bats
  15 endoplasms
  4 giant cockroaches
  11 goblins
  6 hobgoblins
  2 jackals (D:4)
  5 quokkas
  10 kobolds
  7 rats
183 creatures vanquished.

Vanquished Creatures (others)
  8 fungi (D:8)
  46 plants (D:8)
54 creatures vanquished.

Grand Total: 237 creatures vanquished

Notes
Turn   | Place    | Note
-------+----------+-------------------------------------------
     0 | D:1      | Ablot the Gnoll Warper began the quest for the Orb.
     0 | D:1      | Reached XP level 1. HP: 20/20 MP: 6/6
   591 | D:1      | Reached XP level 2. HP: 23/26 MP: 7/7
   594 | D:1      | Learned a level 2 spell: Blink
  1297 | D:2      | Found a faded altar of an unknown god.
  1339 | D:2      | Reached XP level 3. HP: 21/31 MP: 9/9
  1506 | D:2      | Reached skill level 5 in Spellcasting
  1840 | D:2      | Reached skill level 1 in Invocations
  2303 | D:3      | Reached skill level 1 in Short Blades
  2303 | D:3      | Reached skill level 1 in Long Blades
  2303 | D:3      | Reached skill level 1 in Axes
  2303 | D:3      | Reached skill level 1 in Maces & Flails
  2303 | D:3      | Reached skill level 1 in Staves
  2303 | D:3      | Reached skill level 1 in Slings
  2303 | D:3      | Reached skill level 1 in Bows
  2303 | D:3      | Reached skill level 1 in Crossbows
  2303 | D:3      | Reached skill level 1 in Stealth
  2303 | D:3      | Reached skill level 1 in Shields
  2303 | D:3      | Reached skill level 1 in Unarmed Combat
  2303 | D:3      | Reached skill level 1 in Evocations
  2330 | D:3      | Reached XP level 4. HP: 38/38 MP: 11/11
  2548 | D:3      | Reached skill level 1 in Conjurations
  2548 | D:3      | Reached skill level 1 in Hexes
  2548 | D:3      | Reached skill level 1 in Summonings
  2548 | D:3      | Reached skill level 1 in Necromancy
  2548 | D:3      | Reached skill level 1 in Transmutations
  2548 | D:3      | Reached skill level 1 in Fire Magic
  2548 | D:3      | Reached skill level 1 in Ice Magic
  2548 | D:3      | Reached skill level 1 in Air Magic
  2548 | D:3      | Reached skill level 1 in Earth Magic
  2548 | D:3      | Reached skill level 1 in Poison Magic
  3048 | D:4      | Reached XP level 5. HP: 42/43 MP: 12/12
  3395 | D:4      | You fall into a shaft and drop 3 floors!
  3521 | D:6      | Noticed Sigmund
  3530 | D:5      | Entered Level 5 of the Dungeon
  3530 | D:5      | Noticed Prince Ribbit
  3791 | D:5      | Noticed a black bear
  3804 | D:5      | Killed a black bear
  3805 | D:5      | Reached XP level 6. HP: 40/50 MP: 14/14
  3918 | D:5      | Found a staircase to the Ecumenical Temple.
  3922 | Temple   | Entered the Ecumenical Temple
  4309 | Temple   | Became a worshipper of Warmaster Okawaru
  4698 | D:4      | Noticed a necrophage
  4720 | D:4      | Killed a necrophage
  4721 | D:4      | Reached skill level 5 in Fighting
  4721 | D:4      | Reached skill level 5 in Polearms
  4721 | D:4      | Reached skill level 5 in Dodging
  5045 | D:4      | Reached XP level 7. HP: 38/56 MP: 15/15
  5480 | D:5      | Reached * piety under Okawaru
  6555 | D:6      | Reached XP level 8. HP: 63/63 MP: 16/16
  6698 | D:6      | Killed Sigmund
  7819 | D:6      | Found an ornate altar of the Wu Jian Council.
  7855 | D:7      | Noticed a wyvern
  7987 | D:7      | Reached ** piety under Okawaru
  7997 | D:7      | Reached XP level 9. HP: 34/69 MP: 18/18
  8589 | D:7      | Learned a level 1 spell: Sting
  8592 | D:7      | Learned a level 2 spell: Poisonous Vapours
  9080 | D:7      | Reached skill level 5 in Throwing
  9080 | D:7      | Reached skill level 5 in Armour
  9516 | D:8      | Noticed a death yak
  9523 | D:8      | Noticed a death yak
  9559 | D:7      | Killed a death yak
  9559 | D:7      | Reached *** piety under Okawaru
  9560 | D:7      | Reached skill level 5 in Invocations
  9732 | D:8      | Noticed Grum
  9789 | D:8      | Killed Grum
  9797 | D:8      | Reached XP level 10. HP: 33/77 MP: 18/20
 10386 | D:8      | Noticed an oklob plant
 10706 | D:8      | Found a staircase to the Lair.
 10716 | D:8      | Noticed a death yak
 10860 | D:7      | Killed a death yak
 10860 | D:7      | Reached **** piety under Okawaru
 10861 | D:7      | Reached skill level 5 in Short Blades
 10861 | D:7      | Reached skill level 5 in Long Blades
 10861 | D:7      | Reached skill level 5 in Axes
 10861 | D:7      | Reached skill level 5 in Maces & Flails
 10861 | D:7      | Reached skill level 5 in Staves
 10861 | D:7      | Reached skill level 5 in Slings
 10861 | D:7      | Reached skill level 5 in Bows
 10861 | D:7      | Reached skill level 5 in Crossbows
 10861 | D:7      | Reached skill level 5 in Stealth
 10861 | D:7      | Reached skill level 5 in Shields
 10861 | D:7      | Reached skill level 5 in Unarmed Combat
 10861 | D:7      | Reached skill level 5 in Evocations
 10867 | D:7      | Slain by a hell rat

Illustrated notes

Levels and vault maps discovered:
D:1:      erik_arrival_triangle_medium, layout_loops_ring, minivault_4
D:2:      layout_basic, chequers_ecumenical_altar_simple
D:3:      layout_rooms, kennysheep_generic_room_2
D:4:      layout_rooms
D:5:      layout_rooms, temple_hall_moat, chequers_serial_rivers_room_b,
          grunt_ministairs_9, uniq_prince_ribbit1
D:6:      layout_rooms, mainiacjoe_overflow_surrounded_room, uniq_sigmund
D:7:      layout_basic, enter_bailey_3
D:8:      lemuel_slime, layout_rooms, dpeg_lair_monsters, serial_bayou,
          serial_bayou_ford_a, serial_bayou_pond_a, serial_bayou_crossing,
          serial_bayou_shore_a, grunt_ministairs_3, uniq_grum
Temple:   mainiacjoe_temple_trianglar_array

Skill      XL: |  1  2  3  4  5  6  7  8  9 10 |
---------------+-------------------------------+-----
Spellcasting   | 5 6 7 |  7.2
Invocations    | 1 2 3 4 5 |  5.6
Short Blades   | 1 2 3 4 5 |  5.1
Long Blades    | 1 2 3 4 5 |  5.1
Axes           | 1 2 3 4 5 |  5.1
Maces & Flails | 1 2 3 4 5 |  5.1
Staves         | 1 2 3 4 5 |  5.1
Slings         | 1 2 3 4 5 |  5.1
Bows           | 1 2 3 4 5 |  5.1
Crossbows      | 1 2 3 4 5 |  5.1
Stealth        | 1 2 3 4 5 |  5.1
Shields        | 1 2 3 4 5 |  5.1
Unarmed Combat | 1 2 3 4 5 |  5.1
Evocations     | 1 2 3 4 5 |  5.1
Conjurations   | 1 2 3 4 |  4.2
Hexes          | 1 2 3 4 |  4.2
Summonings     | 1 2 3 4 |  4.2
Necromancy     | 1 2 3 4 |  4.2
Transmutations | 1 2 3 4 |  4.2
Fire Magic     | 1 2 3 4 |  4.2
Ice Magic      | 1 2 3 4 |  4.2
Air Magic      | 1 2 3 4 |  4.2
Earth Magic    | 1 2 3 4 |  4.2
Poison Magic   | 1 2 3 4 |  4.2
Throwing       | 3 4 5 |  5.8
Armour         | 3 4 5 |  5.8
Fighting       | 5 6 |  6.9
Polearms       | 5 6 |  6.9
Dodging        | 5 6 |  6.9
Translocations | 6 7 |  7.0

Action                   |  1- 3 |  4- 6 |  7- 9 | 10-12 || total
-------------------------+-------+-------+-------+-------++-------
Melee: Spear             |   133 |   233 |   292 |    80 ||   738
       Bite              |    10 |    17 |    36 |     8 ||    71
       Punch             |     1 |     5 |     7 |       ||    13
       Trident           |       |       |   145 |       ||   145
Throw: Boomerang         |       |     2 |       |       ||     2
       Stone             |       |     1 |       |       ||     1
       Dart              |       |       |    30 |     8 ||    38
 Cast: Blink             |       |       |     4 |     4 ||     8
       Sting             |       |       |     4 |     9 ||    13
Invok: Heroism           |       |       |     2 |       ||     2
Evoke: Wand              |       |     1 |       |       ||     1
  Use: Scroll            |       |       |     2 |       ||     2
 Stab: Sleeping          |       |     3 |     6 |     2 ||    11
       Distracted        |       |       |     1 |       ||     1
Armor: Leather armour    |    21 |    76 |    74 |    10 ||   181
Dodge: Dodged            |    48 |   129 |   224 |    39 ||   440
Block: Buckler           |       |       |    15 |     9 ||    24
